 Dungeon Crawl Stone Soup version 0.31-a0-426-g3a05650e59 (webtiles) character file.

Game seed: 1664233809895837426

101 Maxmaps the Trooper (level 4, -10/33 HPs)
             Began as an Octopode Shapeshifter on July 30, 2023.
             Mangled by a gnoll
             ... wielding a +0 halberd
              (15 damage)
             ... on level 3 of the Dungeon.
             The game lasted 00:01:46 (2006 turns).

Maxmaps the Trooper (Octopode Shapeshifter)         Turns: 2006, Time: 00:01:46

Health: -10/33     AC:  1    Str: 14    XL:     4   Next: 75%
Magic:  4/4        EV: 13    Int: 12    God:
Gold:   206        SH:  0    Dex: 12    Spells: 3/3 levels left

rFire   . .          .
                       - Unarmed
rCold   . . .        (no shield)
rNeg    . . .        (helmet currently unavailable)
rPois   .            (no amulet)
rElec   .            (no ring)
rCorr   .            (no ring)
SInv    .            (no ring)
Will    .....        (no ring)
Stlth   ++           (no ring)
HPRegen 0.25/turn    (no ring)
MPRegen 0.09/turn    (no ring)
                     (no ring)

%: no passive effects
@: beast-form
A: beast (slay +2), almost no armour, amphibious, 8 rings, camouflage 1,
gelatinous body 1, (nimble swimmer 1), tentacles
a: Begin Untransformation


You were on level 3 of the Dungeon.
You were a hulking beast.
You visited 1 branch of the dungeon, and saw 3 of its levels.

You collected 206 gold pieces.

Inventory:

Jewellery
 j - a ring of see invisible
Talismans
 b - a beast talisman (active)
Scrolls
 c - a scroll of revelation {unknown}
 d - 3 scrolls of identify {unknown}
 e - a scroll of enchant armour {unknown}
 h - a scroll of blinking {unknown}
 i - a scroll of noise {unknown}
Potions
 a - 2 potions of lignification
 f - a potion of curing
 g - a potion of mutation {unknown}
 k - a potion of attraction {unknown}
 l - a potion of heal wounds {unknown}


   Skills:
 - Level 4.0 Fighting
 - Level 2.0 Dodging
 + Level 3.5 Unarmed Combat
 - Level 3.0 Shapeshifting


You had 3 spell levels left.
You didn't know any spells.
Your spell library contained the following spells:

 Spells                   Type           Power      Damage    Failure   Level
 Blink                    Tloc           0%         N/A       45%         2
 Lesser Beckoning         Tloc           0%         N/A       45%         2
 Momentum Strike          Conj/Tloc      0%         3d8       45%         2
 Ozocubu's Armour         Ice            0%         N/A       69%         3
 Ozocubu's Refrigeration  Ice            0%         4d7       100%        7


Dungeon Overview and Level Annotations

Branches:
Dungeon (3/15)

Altars:
Fedhas


Innate Abilities, Weirdness & Mutations

You are a hulking beast.
Your limbs bulge with bestial killing power. (Slay +2)
You cannot wear most types of armour.
You are amphibious.
You can wear up to eight rings at the same time.
Your skin changes colour to match your surroundings (Stealth+).
Your rubbery body absorbs attacks. (AC +1, EV +1)
((You are camouflaged when in or above water. (Stealth+)))
You have tentacles for arms and can constrict up to eight enemies at once.


Message History

You barely miss the gnoll. You grab the gnoll.
The gnoll is lightly wounded.
You constrict the gnoll. The gnoll hits you with a +0 flail!
* * * LOW HITPOINT WARNING * * *
You tentacle-slap the gnoll. You squeeze the gnoll!
You kill the gnoll!
You start resting.
HP restored.
You climb downwards.
There is a stone staircase leading up here.
The frilled lizard hisses angrily.
The gnoll misses you.
You see here a jackal skeleton.
The gnoll closely misses you.
You tentacle-slap the gnoll. Your grab misses the gnoll.
The gnoll is lightly wounded.
The gnoll barely misses you.
You tentacle-slap the gnoll. You grab the gnoll.
The gnoll is moderately wounded.
You constrict the gnoll. The gnoll closely misses you.
You tentacle-slap the gnoll. You squeeze the gnoll.
You kill the gnoll!
The frilled lizard completely misses you.
You see here a jackal skeleton.
You barely miss the frilled lizard. You grab the frilled lizard.
You constrict the frilled lizard. The frilled lizard closely misses you.
You bludgeon the frilled lizard!
You kill the frilled lizard!
The gnoll hits you from afar with a +0 halberd.
The gnoll hits you with a +0 halberd!
You tentacle-slap the gnoll. Your grab misses the gnoll. You squeeze the gnoll.
The gnoll is moderately wounded.
The gnoll hits you with a +0 halberd!
* * * LOW HITPOINT WARNING * * *
You tentacle-slap the gnoll but do no damage.
You grab the gnoll.
The gnoll is moderately wounded.
You constrict the gnoll, but do no damage.
The gnoll hits you with a +0 halberd!
You die...

..## ...# .. ....
#..# ..##... #..##
# ......####...##.#
##..........(...#.
..... ##.<.......
#...##.÷÷.......
#...#(.h....!...
#...†(g)........
#...............
...>....#.$........
.......<#........<.
........##.........
#.......###.....##.
$..<..... #.#####
#......#. #


You could see a gnoll.

Vanquished Creatures
  2 gnolls
  2 adders (D:2)
  2 worms (D:2)
  2 dart slugs (D:1)
  5 bats
  8 endoplasms
  2 giant cockroaches (D:2)
  5 goblins
  6 hobgoblins
  3 jackals (D:3)
  3 kobolds
  2 quokkas (D:1)
  A ball python (D:1)
  3 frilled lizards
  A rat (D:3)
47 creatures vanquished.

Notes
Turn   | Place    | Note
-------+----------+-------------------------------------------
     0 | D:1      | Maxmaps the Octopode Shapeshifter began the quest for the
                  | Orb.
     0 | D:1      | Reached XP level 1. HP: 13/13 MP: 1/1
   140 | D:1      | Reached skill level 2 in Fighting
   140 | D:1      | Reached XP level 2. HP: 15/19 MP: 2/2
   625 | D:1      | Reached XP level 3. HP: 21/25 MP: 3/3
   655 | D:1      | Reached skill level 3 in Fighting
   986 | D:2      | Found a blossoming altar of Fedhas.
  1298 | D:2      | Reached XP level 4. HP: 33/33 MP: 4/4
  1417 | D:2      | Reached skill level 4 in Fighting
  2006 | D:3      | Mangled by a gnoll

Illustrated notes

Levels and vault maps discovered:
D:1:      lightli_arrival_maybe_door_vault, layout_loops_ring,
          minmay_misc_feat_x, chequers_serial_rivers_micro_d,
          palyth_stone_intersect, minmay_gold_behind_fungi
D:2:      layout_basic, basic_altar, minmay_misc_feat_more_columns
D:3:      layout_rooms, general_overflow_altar,
          hellmonk_ecumenical_altar_pennies_from_heaven

Skill      XL: |  1  2  3  4 |
---------------+-------------+-----
Fighting       | 2 3 4 |  4.0
Dodging        | |  2.0
Unarmed Combat | |  3.5
Shapeshifting  | |  3.0

Action                     |  1- 3 |  4- 6 || total
---------------------------+-------+-------++-------
  Melee: Unarmed           |    89 |    25 ||   114
         Constrict         |    21 |     9 ||    30
         Tentacles         |    12 |     9 ||    21
         Punch             |     3 |       ||     3
    Use: Potion            |     1 |       ||     1
   Stab: Sleeping          |    13 |     4 ||    17
         Distracted        |     1 |       ||     1
 Armour: Skin              |     6 |     5 ||    11
  Dodge: Dodged            |    36 |    21 ||    57

Table legend: (Time is in decaauts)
 A = Elapsed time spent in this place.
 B = Non-inter-level travel time spent in this place.
 C = Inter-level travel time spent in this place.
 D = Time resting spent in this place.
 E = Time spent auto-exploring this place.
 F = Levels seen in this place.
 G = Mean time per level.
                   A        B        C        D        E       F      G
               +--------+--------+--------+--------+--------+-----+--------+
         Total |   2000 |   1946 |     54 |    267 |   1321 |   3 |  666.7 |
       Dungeon |   2000 |   1946 |     54 |    267 |   1321 |   3 |  666.7 |
               +--------+--------+--------+--------+--------+-----+--------+

Top non-repeatable levels by time:
     D:2: 1151 daAuts
     D:1: 815 daAuts
     D:3: 33 daAuts
